 Dungeon Crawl Stone Soup version 0.31-a0-246-g8cbcc1cb85 (webtiles) character file.

Game seed: 6285470501546231248

56067 garrulousMonolith the Grappler (level 14, -19/146 HPs)
             Began as a Pale Draconian Shapeshifter on July 12, 2023.
             Was the Champion of Okawaru.
             Demolished by a spark wasp (shapeshifter) (23 damage)
             ... on level 5 of the Lair of Beasts.
             The game lasted 00:23:06 (22058 turns).

garrulousMonolith the Grappler (DrSh)              Turns: 22058, Time: 00:23:07

Health: -19/146    AC: 14    Str: 24    XL:     14   Next: 40%
Magic:  20/20      EV: 18    Int: 10    God:    Okawaru [******]
Gold:   678        SH:  0    Dex: 14    Spells: 13/13 levels left

rFire   . .          .
                       - Unarmed
rCold   . . .        P - melded +1 buckler of Shielding {+Blink rElec Dex+4}
rNeg    . . .        (body armour unavailable)
rPois   .            i - melded +1 hat
rElec   .            M - melded +2 cloak of Dramatic Exits {rN+ Dex+3}
rCorr   .            C - melded +0 pair of gloves
SInv    .            w - melded +0 pair of boots
Will    +....        G - amulet of faith
Stlth   +            B - +5 ring of evasion
HPRegen 0.44/turn    z - +4 ring of protection
MPRegen 0.17/turn

%: faith
@: snake-form
A: constrict, amphibious, boosted hp, (breathe steam), AC +8, large, unfitting
armour, (cold-blooded), (steam resistance)
a: Renounce Religion, Heroism, Finesse, Duel


You were on level 5 of the Lair of Beasts.
You worshipped Okawaru.
Okawaru was exalted by your worship.
You were an enormous anaconda.
You visited 3 branches of the dungeon, and saw 19 of its levels.

You collected 818 gold pieces.
You spent 140 gold pieces at shops.

Inventory:

Hand Weapons
 N - a +1 quarterstaff of speed
 W - a +2 hand crossbow of electrocution
Missiles
 e - 14 poisoned darts
 f - 13 boomerangs
 q - a silver javelin (quivered)
 r - 3 throwing nets
Armour
 h - a scarf of resistance
 i - a +1 hat (melded)
 w - a +0 pair of boots (melded)
 C - a +0 pair of gloves (melded)
 M - the +2 cloak of Dramatic Exits (melded) {rN+ Dex+3}
   (Okawaru gifted it to you on level 4 of the Lair of Beasts)

   Dex:       It affects your dexterity (+3).
   rN:        It protects you from negative energy.
 P - the +1 buckler of Shielding (melded) {+Blink rElec Dex+4}
   (Okawaru gifted it to you on level 2 of the Lair of Beasts)

   Dex:       It affects your dexterity (+4).
   rElec:     It insulates you from electricity.
   +Blink:    It lets you blink.
Jewellery
 d - a ring of flight
 j - a ring of wizardry
 x - a ring of wizardry
 y - a +6 ring of dexterity
 z - a +4 ring of protection (right hand)
 B - a +5 ring of evasion (left hand)
 G - an amulet of faith (around neck)
 I - a ring of willpower
 X - a +6 ring of strength
Talismans
 b - a beast talisman
 s - a storm talisman
 S - a serpent talisman
Wands
 o - a wand of paralysis (14)
 A - a wand of flame (36)
 E - a wand of roots (8)
 U - a wand of light (2)
 V - a wand of mindburst (8)
Scrolls
 a - a scroll of blinking
 g - 8 scrolls of teleportation
 k - 2 scrolls of revelation
 l - 2 scrolls of amnesia
 m - a scroll of fear {unknown}
 p - a scroll of noise
 t - 2 scrolls of enchant weapon
 J - 3 scrolls of silence {unknown}
 K - a scroll of immolation {unknown}
 L - a scroll of torment {unknown}
 O - a scroll of fog
 Q - 2 scrolls of identify
Potions
 c - a potion of brilliance
 n - a potion of berserk rage
 u - 2 potions of enlightenment {unknown}
 v - a potion of mutation {unknown}
 D - a potion of attraction {unknown}
 F - a potion of haste
 H - 4 potions of might
 R - a potion of ambrosia {unknown}
 T - a potion of magic {unknown}


   Skills:
 + Level 10.5 Fighting
 + Level 8.7 Dodging
 - Level 4.0 Shields
 * Level 12.9 Unarmed Combat
 + Level 9.2 Invocations
 * Level 12.9 Shapeshifting


You had 13 spell levels left.
You didn't know any spells.
Your spell library contained the following spells:

 Spells                   Type           Power      Damage    Failure   Level
 Ensorcelled Hibernation  Hex/Ice        0%         N/A       96%         2
 Poisonous Vapours        Pois/Air       0%         N/A       96%         2
 Wereblood                Tmut           0%         N/A       96%         2
 Inner Flame              Hex/Fire       0%         N/A       99%         3
 Mephitic Cloud           Conj/Pois/Air  0%         N/A       99%         3
 Portal Projectile        Hex/Tloc       0%         N/A       99%         3
 Anguish                  Hex/Necr       0%         N/A       100%        4
 Cause Fear               Hex            0%         N/A       100%        4
 Flame Wave               Conj/Fire      0%         2d4       100%        4
 Iskenderun's Mystic Bla  Conj/Tloc      0%         2d3       100%        4
 Sticky Flame             Conj/Fire      0%         2d3       100%        4
 Fireball                 Conj/Fire      0%         3d3       100%        5
 Freezing Cloud           Conj/Ice/Air   0%         6-21      100%        5
 Irradiate                Conj/Tmut      0%         3d11      100%        5
 Eringya's Noxious Bog    Tmut/Pois      0%         4d6       100%        6
 Tukima's Dance           Hex            Unusable   N/A       N/A         3
 Summon Forest            Summ/Tloc      Unusable   N/A       N/A         5
 Summon Hydra             Summ           Unusable   N/A       N/A         7
 Dragon's Call            Summ           Unusable   N/A       N/A         9

Dungeon Overview and Level Annotations

Branches:
Dungeon (13/15)            Temple (1/1) D:4            Lair (5/5) D:9
  Swamp (0/4) Lair:2        Snake (0/4) Lair:2        Slime (0/5) Lair:4
    Orc (0/2) D:9
 Vaults: D:13-14

Altars:
Ashenzari
Cheibriados
Dithmenos
Elyvilon
Fedhas
Gozag
Hepliaklqana
Kikubaaqudgha
Makhleb
Nemelex Xobeh
Okawaru
Qazlal
Ru
Sif Muna
Trog
Uskayaw
Vehumet
Wu Jian
Xom
Yredelemnul
Zin
The Shining One
Jiyva

Shops:
D:1 ?   D:5 (   D:6 *   D:9 (

Annotations:
Lair:1 3 runed translucent doors, salammoniac's ghost, journeyman OpSh
Lair:4 1 runed translucent door


Innate Abilities, Weirdness & Mutations

You are an enormous anaconda.
You have a powerful constriction melee attack.
You are amphibious.
Your maximum health is increased.
Your spellcasting is less reliable in this form.
Your armour is entirely melded.
You are incapable of wielding weapons or throwing items.
((You can breathe blasts of scalding, opaque steam.))
((Your pale cyan-grey scales are hard. (AC +8)))
You cannot fit into any form of body armour.
((You are cold-blooded and may be slowed by cold attacks.))
((You are immune to the effects of steam.))


Message History

You are too injured to fight recklessly!
You are too injured to fight recklessly!
You are too injured to fight recklessly!
You are too injured to fight recklessly!
You are too injured to fight recklessly!
You are too injured to fight recklessly!
You are too injured to fight recklessly!
You are too injured to fight recklessly!
You are too injured to fight recklessly!
You are too injured to fight recklessly!
You are too injured to fight recklessly!
You are too injured to fight recklessly!
You are too injured to fight recklessly!
You are too injured to fight recklessly!
You body-slam the spark wasp!!
You grab the spark wasp.
The spark wasp is heavily wounded.
You constrict the spark wasp, but do no damage.
The spark wasp stings you!! The spark wasp shocks you!
You lash the spark wasp!
The spark wasp is severely wounded.
You constrict the spark wasp. The spark wasp stings you!
The spark wasp shocks you!
* * * LOW HITPOINT WARNING * * *
You hit the spark wasp but do no damage.
The spark wasp is severely wounded.
You constrict the spark wasp. The blink frog misses you.
The spark wasp stings you!
* * * LOW HITPOINT WARNING * * *
The spark wasp shocks you!
* * * LOW HITPOINT WARNING * * *
Okay, then.
Aiming: Bolt of Light
Press: ? - help, Shift-Dir - straight line, f - spark wasp
Aim: a spark wasp (severely wounded, constricted by you, 83% to hit)
You constrict the spark wasp. The spark wasp completely misses you.
The blink frog misses you.
A large abomination comes into view.
The blink frog hits you but does no damage.
The spark wasp stings you!!
You die...

♣...♣♣ ♣♣#.#♣.♣
♣♣...♣ ♣♣♣♣♣♣
♣♣†..♣♣ ♣....♣
♣♣..♣♣♣ ♣♣♣♣♣♣♣♣..
♣..♣♣ ♣♣♣........♣
♣..♣ ♣....X..♣
♣.♣♣ ♣♣y.♣♣^..♣♣
♣..♣ ♣♣♣SF.♣
♣...♣♣
♣..♣♣♣.....♣
♣..§♣♣♣♣
♣..♣.....♣♣♣
♣♣.§.Fl♣♣
♣.......♣♣
♣♣§§Fxx.♣
♣♣..♣♣♣♣♣
♣♣♣..§♣♣i...♣
♣...♣♣♣♣♣♣♣♣...♣♣♣
♣.F..
♣♣...♣♣......♣♣♣
♣♣..
♣♣.......÷...♣.♣ .
♣♣............♣


You could see a spark wasp, a large abomination and a blink frog.

Vanquished Creatures
  6 hydras
  5 death yaks (Lair:3)
  Nergalle (Lair:2)
  An ugly thing (D:11)
  A cyclops (D:11)
  2 black mambas
  10 elephants
  2 torpor snails
  2 unseen horrors
  12 cane toads
  2 smoke demons (Lair:5)
  3 rime drakes
  10 komodo dragons
  3 trolls
  16 blink frogs
  3 dream sheep (Lair:5)
  A spriggan (Lair:5)
  2 ynoxinuls (Lair:5)
  A wraith (D:12)
  5 wyverns
  A large abomination (Lair:5)
  5 vampires
  A steam dragon (D:9)
  50 yaks
  5 basilisks
  14 vampire mosquitoes
  2 nagas (Lair:2)
  13 water moccasins
  6 black bears
  An orc warrior (D:8)
  2 ice beasts (D:7)
  An ogre (D:3)
  6 wolves (Lair:3)
  5 centaurs
  10 bullfrogs
  5 scorpions
  8 small abominations (Lair:5)
  A gnoll sergeant (D:9)
  14 wights
  16 killer bees
  5 electric eels
  2 howler monkeys (D:8)
  A jelly (D:5)
  3 hounds
  4 orc priests
  2 sleepcaps
  Ijyb (D:3)
  6 iguanas
  12 orc wizards
  6 gnolls
  8 adders
  A white imp (D:6)
  An ufetubus (D:6)
  2 worms
  4 dart slugs
  48 orcs
  7 ball pythons
  5 bats
  7 endoplasms
  4 giant cockroaches
  4 goblins
  7 hobgoblins
  4 jackals (D:1)
  6 kobolds
  2 quokkas
  5 frilled lizards
  7 rats
418 creatures vanquished.

Vanquished Creatures (others)
  A human (D:9)
1 creature vanquished.

Grand Total: 419 creatures vanquished

Notes
Turn   | Place    | Note
-------+----------+-------------------------------------------
     0 | D:1      | garrulousMonolith the Draconian Shapeshifter began the
                  | quest for the Orb.
     0 | D:1      | Reached XP level 1. HP: 17/17 MP: 1/1
   202 | D:1      | Reached XP level 2. HP: 24/25 MP: 2/2
   532 | D:1      | Found Ikuew's Magic Scroll Emporium.
   789 | D:1      | Reached XP level 3. HP: 30/30 MP: 3/3
   953 | D:2      | Found a shimmering altar of Xom.
  1389 | D:2      | Reached XP level 4. HP: 31/37 MP: 4/4
  1978 | D:1      | Bought a scroll of identify for 28 gold pieces
  2028 | D:3      | Noticed an ogre
  2037 | D:3      | Killed an ogre
  2038 | D:3      | Reached XP level 5. HP: 45/45 MP: 5/5
  2198 | D:3      | Noticed Ijyb
  2200 | D:3      | Paralysed by Ijyb for 4 turns
  2209 | D:3      | Paralysed by Ijyb for 3 turns
  2219 | D:3      | Paralysed by Ijyb for 2 turns
  2228 | D:3      | Killed Ijyb
  2721 | D:3      | Reached XP level 6. HP: 48/51 MP: 6/6
  3617 | D:4      | Found a staircase to the Ecumenical Temple.
  3802 | Temple   | Entered the Ecumenical Temple
  3802 | Temple   | Found a transporter.
  3802 | Temple   | Found a transporter.
  3804 | Temple   | Found a transporter.
  3804 | Temple   | Found a transporter.
  3823 | Temple   | Became a worshipper of Warmaster Okawaru
  3871 | D:5      | Entered Level 5 of the Dungeon
  3914 | D:5      | Found Teomebb's Antique Weapon Shop.
  4051 | D:5      | Reached skill level 1 in Invocations
  4142 | D:5      | Your scales start taking on a pale cyan-grey colour.
  4142 | D:5      | Reached XP level 7. HP: 53/59 MP: 7/7
  4142 | D:5      | Gained mutation: You are immune to the effects of steam.
                  | [Pale Draconian growth]
  4144 | D:5      | Reached skill level 5 in Unarmed Combat
  4157 | D:5      | Reached * piety under Okawaru
  4830 | D:5      | Reached ** piety under Okawaru
  4831 | D:5      | Reached XP level 8. HP: 52/67 MP: 9/9
  5161 | D:6      | Reached skill level 5 in Shapeshifting
  5314 | D:6      | Reached skill level 5 in Fighting
  5525 | D:6      | Found a broken altar of Ashenzari.
  5529 | D:6      | Saw a vision of the Swamp and the Snake Pit.
  5529 | D:6      | Noticed a goliath frog
  5529 | D:6      | Noticed a spriggan druid
  5529 | D:6      | Noticed a goliath frog
  5529 | D:6      | Noticed a naga sharpshooter
  5529 | D:6      | Noticed a naga sharpshooter
  5529 | D:6      | Noticed a shock serpent
  5529 | D:6      | Noticed a black mamba
  5551 | D:6      | HP: 3/102 [killer bee (5)]
  5782 | D:6      | Found Esogheb's General Store.
  5790 | D:6      | Bought a scroll of blinking for 112 gold pieces
  5861 | D:6      | Noticed a naga ritualist
  5862 | D:6      | Noticed a naga mage
  5889 | D:6      | Found a hazy altar of Hepliaklqana.
  6153 | D:7      | Reached XP level 9. HP: 24/72 MP: 11/11
  6373 | D:7      | Reached *** piety under Okawaru
  6716 | D:7      | Found a hide-covered altar of Uskayaw.
  6748 | D:7      | Found a basalt altar of Yredelemnul.
  6991 | D:7      | Reached skill level 5 in Dodging
  8496 | D:9      | Reached **** piety under Okawaru
  8512 | D:9      | Found a staircase to the Lair.
  8521 | D:9      | Found an ancient bone altar of Kikubaaqudgha.
  8532 | D:9      | Reached skill level 5 in Invocations
  8532 | D:9      | Reached XP level 10. HP: 40/84 MP: 13/13
  9208 | D:9      | Found an ornate altar of the Wu Jian Council.
  9534 | D:9      | Found a staircase to the Orcish Mines.
  9552 | D:9      | Found Boviof's Weapon Boutique.
 10221 | D:10     | Entered Level 10 of the Dungeon
 10403 | D:10     | Reached ***** piety under Okawaru
 10569 | D:10     | Found an opulent altar of Gozag.
 11156 | D:11     | Received a gift from Okawaru
 11338 | D:11     | Reached skill level 1 in Shields
 11338 | D:11     | Reached XP level 11. HP: 87/93 MP: 13/15
 11511 | D:11     | Noticed a red ugly thing
 11527 | D:11     | Killed a red ugly thing
 12384 | D:11     | You fall into a shaft and drop 2 floors!
 12540 | D:12     | Reached skill level 10 in Unarmed Combat
 12608 | Lair:1   | Entered Level 1 of the Lair of Beasts
 12938 | Lair:1   | Found a runed translucent gate.
 12938 | Lair:1   | Found a runed translucent gate.
 12939 | Lair:1   | Found a runed translucent gate.
 12941 | Lair:1   | Noticed salammoniac's ghost (journeyman OpSh)
 13940 | Lair:1   | Found a viscous altar of Jiyva.
 14236 | Lair:2   | Reached ****** piety under Okawaru
 14474 | Lair:2   | Found a staircase to the Snake Pit.
 15003 | Lair:2   | Reached XP level 12. HP: 91/103 MP: 17/17
 15085 | Lair:2   | Noticed Nergalle
 15099 | Lair:2   | Killed Nergalle
 15381 | Lair:2   | Identified the +1 buckler of Shielding {+Blink rElec Dex+4}
                  | (Okawaru gifted it to you on level 2 of the Lair of Beasts)
 15381 | Lair:2   | Received a gift from Okawaru
 15470 | Lair:2   | Found a staircase to the Swamp.
 15823 | Lair:2   | Reached XP level 13. HP: 110/110 MP: 18/18
 17475 | Lair:4   | Identified the +2 cloak of Dramatic Exits {rN+ Dex+3}
                  | (Okawaru gifted it to you on level 4 of the Lair of Beasts)
 17475 | Lair:4   | Received a gift from Okawaru
 17757 | Lair:4   | Found a viscous altar of Jiyva.
 17757 | Lair:4   | Found a staircase to the Slime Pits.
 19635 | Lair:4   | Found a runed translucent door.
 19826 | Lair:5   | Entered Level 5 of the Lair of Beasts
 19837 | Lair:5   | Reached skill level 10 in Fighting
 19841 | Lair:5   | Reached XP level 14. HP: 121/121 MP: 18/20
 19871 | Lair:5   | Received a gift from Okawaru
 22057 | Lair:5   | HP: 3/146 [spark wasp (shapeshifter) (15)]
 22058 | Lair:5   | Demolished by a spark wasp (shapeshifter)

Illustrated notes

Levels and vault maps discovered:
D:1:      sevenhm_arrival_forest_fort_large_4, layout_basic, serial_shops, shop,
          chequers_jeans
D:2:      layout_basic, basic_altar, nicolae_titane
D:3:      minmay_spotlight, layout_loops_corners, uniq_ijyb
D:4:      layout_basic, minmay_temple_entry_poolview
D:5:      minmay_chambers_of_fours, layout_basic, serial_shops, shop,
          minmay_parallelograms
D:6:      layout_loops_cross, lemuel_coloured_pillars_altar,
          grunt_ashenzari_visionary [grunt_ashenzari_visionary_swamp,
          grunt_ashenzari_visionary_snake], serial_shops, shop
D:7:      layout_rooms, yredelemnul_altar_generic, kennysheep_mini_moat,
          kennysheep_decorative_pillar
D:8:      layout_loops_ring
D:9:      layout_long_grid, tgw_kikubaaqudgha, mainiacjoe_overflow_boulevard,
          due_lair_maze_entry_diamond, orc_david_3, nicolae_elevator_lobby_plus
D:10:     layout_gridville, kennysheep_little_box
D:11:     layout_loops_ring
D:12:     layout_irregular_city, minmay_misc_feat_hallway
D:13:     layout_irregular_city
Temple:   hellmonk_temple_divided_pantheon
Lair:1:   layout_chaotic_city, gammafunk_ghost_ooze, grunt_megastairs_5
Lair:2:   layout_layer_cave, minmay_swamp_entry_swarm,
          guppyfry_snake_entry_garden, lemuel_fruit_fields,
          infiniplex_staircase_pool, uniq_nergalle
Lair:3:   layout_chaotic_city, serial_bayou, serial_bayou_pond_d,
          serial_bayou_pond_c, serial_bayou_ford_a, serial_bayou_lagoon_a,
          wad_woods_road_01
Lair:4:   gammafunk_lair_enchanted_lake, layout_gridlike,
          dpeg_slime_entry_enclosed
Lair:5:   hellmonk_lair_end_abyssal_woods, layout_loops_ring,
          serial_bayou_lagoon_b

Skill      XL: |  1  2  3  4  5  6  7  8  9 10 11 12 13 14 |
---------------+-------------------------------------------+-----
Dodging        | 2 3 4 5 6 7 8 |  8.7
Unarmed Combat | 3 4 5 6 8 9 10 12 | 12.9
Fighting       | 3 4 5 6 7 8 10 | 10.5
Invocations    | 1 2 3 5 6 7 8 9 |  9.2
Shapeshifting  | 4 5 6 8 9 11 12 | 12.9
Shields        | 1 3 4 |  4.0

Action                     |  1- 3 |  4- 6 |  7- 9 | 10-12 | 13-15 || total
---------------------------+-------+-------+-------+-------+-------++-------
  Melee: Unarmed           |    76 |   147 |   268 |   423 |   554 ||  1468
         Tailslap          |     7 |    21 |    38 |    98 |    63 ||   227
         Punch             |     3 |     3 |    12 |     9 |       ||    27
         Constrict         |       |       |       |       |    63 ||    63
  Throw: Dart              |       |     4 |       |       |       ||     4
         Javelin           |       |       |       |     1 |     1 ||     2
 Invoke: Heroism           |       |       |     1 |     6 |     7 ||    14
         Finesse           |       |       |       |       |     1 ||     1
Ability: Breathe Steam     |       |       |     3 |     4 |     2 ||     9
  Evoke: Wand              |       |       |       |       |     1 ||     1
    Use: Scroll            |       |     2 |    10 |     5 |     2 ||    19
         Potion            |       |       |     2 |     4 |     3 ||     9
   Stab: Sleeping          |     2 |     2 |     4 |       |     1 ||     9
         Distracted        |     1 |       |       |       |       ||     1
 Armour: Skin              |    26 |    45 |    97 |   161 |   159 ||   488
  Dodge: Dodged            |    46 |    91 |   185 |   404 |   469 ||  1195
  Block: Buckler           |       |       |       |    74 |   100 ||   174
         Form:             |       |       |     1 |     1 |     3 ||     5
         Beast             |       |       |     1 |     1 |     2 ||     4
         Anaconda          |       |       |       |       |     1 ||     1

Table legend: (Time is in decaauts)
 A = Elapsed time spent in this place.
 B = Non-inter-level travel time spent in this place.
 C = Inter-level travel time spent in this place.
 D = Time resting spent in this place.
 E = Time spent auto-exploring this place.
 F = Levels seen in this place.
 G = Mean time per level.
                   A        B        C        D        E       F      G
               +--------+--------+--------+--------+--------+-----+--------+
         Total |  21832 |  21137 |    695 |   6400 |  11724 |  19 | 1149.1 |
       Dungeon |  12474 |  11941 |    533 |   3327 |   6908 |  13 |  959.5 |
        Temple |     42 |     36 |      6 |      0 |      5 |   1 |   42.0 |
          Lair |   9314 |   9159 |    155 |   3073 |   4811 |   5 | 1862.8 |
               +--------+--------+--------+--------+--------+-----+--------+

Top non-repeatable levels by time:
  Lair:5: 2191 daAuts
  Lair:4: 2098 daAuts
  Lair:2: 1839 daAuts
     D:9: 1822 daAuts
  Lair:3: 1777 daAuts
  Lair:1: 1407 daAuts
    D:11: 1336 daAuts
     D:5: 1222 daAuts
     D:8: 1131 daAuts
     D:7: 1123 daAuts
     D:2: 1031 daAuts
     D:6: 1020 daAuts
     D:3: 995 daAuts
     D:1: 990 daAuts
    D:10: 909 daAuts
